 Dungeon Crawl Stone Soup version 0.18.1-48-g4cf74bf (webtiles) character file.

29 glosham the Sneak (level 3, -4/26 HPs)
             Began as a High Elf Abyssal Knight on Sept 13, 2016.
             Was a Follower of Lugonu.
             Slain by a starcursed mass (12 damage)
             ... on level 1 of the Abyss.
             The game lasted 00:08:48 (377 turns).

glosham the Sneak (High Elf Abyssal Knight)          Turns: 377, Time: 00:08:49

Health: -4/26      AC:  3    Str: 12    XL:     3   Next: 1%
Magic:  5/5        EV: 12    Int: 15    God:    Lugonu [*.....]
Gold:   19         SH:  0    Dex: 15    Spells: 0 memorised, 2 levels left

rFire  . . .     SeeInvis .     a - +1 falchion
rCold  . . .     Gourm    .     b - +0 leather armour
rNeg   . . .     Faith    .     (no shield)
rPois  .         Spirit   .     (no helmet)
rElec  .         Dismiss  .     (no cloak)
rCorr  .         Reflect  .     (no gloves)
SustAt .         Harm     .     (no boots)
MR     .....                    (no amulet)
Stlth  ++........               (no ring)
                                (no ring)

@: not resistant to hostile enchantments, unstealthy
A: no striking features
a: Depart the Abyss, Renounce Religion


You were on level 1 of the Abyss.
You worshipped Lugonu.
Lugonu was aware of your devotion.
You were not hungry.

You visited 0 branches of the dungeon, and saw 0 of its levels.
You visited the Abyss 1 time.

You collected 19 gold pieces.

Inventory:

Hand Weapons
 a - a +1 falchion (weapon)
Armour
 b - a +0 leather armour (worn)
Comestibles
 c - 2 bread rations


   Skills:
 - Level 3.0 Fighting
 - Level 2.4 Long Blades
 - Level 0.8 Armour
 - Level 2.1 Dodging
 + Level 3.2 Stealth
 - Level 2.0 Invocations


You had 2 spell levels left.
You didn't know any spells.

Dungeon Overview and Level Annotations

Branches:
Dungeon (0/15)

Altars:


Message History

A neqoxec comes into view.
The neqoxec moves out of view.
Found a scroll labeled XIKEM SUNKYAPU.
You see here a scroll labeled XIKEM SUNKYAPU.
d - a scroll labeled XIKEM SUNKYAPU Read which item? (? for menu, Esc to quit)
As you read the scroll labeled XIKEM SUNKYAPU, it crumbles to dust.
You feel momentarily disoriented.
It was a scroll of magic mapping.
Found a corrupted altar of Lugonu.
There is a corrupted altar of Lugonu here.
A starcursed mass comes into view.
Found a scroll labeled TIHOEZIJUGE.
Found a scroll labeled ZARPHI ENIRPHE.
A thrashing horror comes into view.
You see here a scroll labeled TIHOEZIJUGE.
d - a scroll labeled TIHOEZIJUGE You see here a scroll labeled ZARPHI ENIRPHE.
e - a scroll labeled ZARPHI ENIRPHE Read which item? (? for menu, Esc to quit)
As you read the scroll labeled TIHOEZIJUGE, it crumbles to dust.
It is a scroll of identify.
Identify which item? (\ to view known items) (? for menu, Esc to quit)
e - a scroll of fog An ancient zyme comes into view.
The ancient zyme moves out of view.
Found 10 gold pieces.
You see here 10 gold pieces.
You now have 19 gold pieces (gained 10).
A neqoxec comes into view.
A starcursed mass comes into view.
The starcursed mass moves out of view.
Found a gateway leading deeper into the Abyss.
A starcursed mass splits.
A chorus of shrieks assaults your mind.
Read which item? (? for menu, Esc to quit)
As you read the scroll of fog, it crumbles to dust.
The scroll dissolves into smoke.
A starcursed mass splits.
A chorus of shrieks assaults your mind. The starcursed mass engulfs you!
You die...

#...#.# ##.####
# ..#....#####.#
#...#.......#..#
.# ####Y#.##.#
#..#.# ###.
#....# ##.§##
#.#§#§# #§X@§#
#§XX## #§§#§
#...... ####....
.#### #.


You could see 3 starcursed masses.

Vanquished Creatures
  A quasit (Abyss:1)
1 creature vanquished.

Notes
Turn   | Place    | Note
--------------------------------------------------------------
     0 | Abyss:1  | glosham the High Elf Abyssal Knight began the quest for the Orb.
     0 | Abyss:1  | Reached XP level 1. HP: 16/16 MP: 3/3
    31 | Abyss:1  | Noticed a quasit
    39 | Abyss:1  | Killed a quasit
    39 | Abyss:1  | Reached skill level 3 in Stealth
    39 | Abyss:1  | Reached XP level 2. HP: 13/21 MP: 4/4
    39 | Abyss:1  | Reached XP level 3. HP: 16/26 MP: 5/5
    66 | Abyss:1  | Noticed a large abomination
    72 | Abyss:1  | Noticed a small abomination
    95 | Abyss:1  | Noticed a thrashing horror
   125 | Abyss:1  | Noticed a large abomination
   130 | Abyss:1  | Noticed a large abomination
   137 | Abyss:1  | Noticed a smoke demon
   148 | Abyss:1  | Noticed a rakshasa
   170 | Abyss:1  | Noticed a hell hog
   184 | Abyss:1  | Noticed a fire bat
   196 | Abyss:1  | Noticed a wretched star
   204 | Abyss:1  | Noticed a hell hound
   228 | Abyss:1  | Noticed a worldbinder
   246 | Abyss:1  | Noticed a large abomination
   247 | Abyss:1  | Noticed a green very ugly thing
   247 | Abyss:1  | Noticed a tentacled starspawn
   250 | Abyss:1  | Noticed a chaos spawn
   266 | Abyss:1  | Noticed a neqoxec
   288 | Abyss:1  | Found a corrupted altar of Lugonu.
   288 | Abyss:1  | Noticed a smoke demon
   308 | Abyss:1  | Noticed a starcursed mass
   318 | Abyss:1  | Noticed a thrashing horror
   329 | Abyss:1  | Noticed an ancient zyme
   339 | Abyss:1  | Noticed an ice beast
   362 | Abyss:1  | Noticed a neqoxec
   370 | Abyss:1  | Noticed a starcursed mass
   377 | Abyss:1  | Slain by a starcursed mass

Skill      XL: |  1 |
---------------+----+-----
Stealth        | 3 |  3.2
Fighting       | |  3.0
Long Blades    | |  2.4
Armour         | |  0.8
Dodging        | |  2.1
Invocations    | |  2.0

Action                   || total
-------------------------++-------
Melee: Falchion          ||     6
  Use: Scroll            ||     3
       Potion            ||     2
Armor: Leather armour    ||     7
Dodge: Dodged            ||    12

Table legend:
 A = Turns spent in this place as a percentage of turns spent in the entire game.
 B = Non-inter-level travel turns spent in this place as a percentage of non-inter-level travel turns spent in the entire game.
 C = Inter-level travel turns spent in this place as a percentage of turns spent in this place.
 D = Turns resting spent in this place as a percentage of non-inter-level travel turns spent in this place.
 E = Turns spent auto-exploring this place as a percentage of non-inter-level travel turns spent in this place.
 F = Non-inter-level travel turns spent in this place divided by the number of levels of this place that you've seen.
                   A       B       C       D       E      F
               +-------+-------+-------+-------+-------+----------------------
         Total | 100.0 | 100.0 |   0.0 |   0.0 |   0.0 | 387.0
         Abyss | 100.0 | 100.0 |   0.0 |   0.0 |   0.0 | 387.0
               +-------+-------+-------+-------+-------+----------------------

Table legend:
 A = Kills in this place as a percentage of kills in entire the game.
 B = Kills by you in this place as a percentage of kills by you in the entire game.
 C = Kills by friends in this place as a percentage of kills by friends in the entire game.
 D = Other kills in this place as a percentage of other kills in the entire game.
 E = Experience gained in this place as a percentage of experience gained in the entire game.
 F = Experience gained in this place divided by the number of levels of this place that you have seen.
                   A       B       C       D       E      F
               +-------+-------+-------+-------+-------+----------------------
         Total | 100.0 | 100.0 |  -nan |  -nan | 100.0 |  42.0
         Abyss | 100.0 | 100.0 |  -nan |  -nan | 100.0 |  42.0
               +-------+-------+-------+-------+-------+----------------------

Vault maps used:
Abyss:1:  lemuel_firewalk_3
